 Dungeon Crawl Stone Soup version 0.25-a0-353-ged6d54792d (webtiles) character file.

Game seed: 6710870006886120275, levelgen mode: classic

2513 Borgoz the Basher (level 9, -4/57 HPs)
             Began as a Gargoyle Monk on Jan 2, 2020.
             Was a Believer of Makhleb.
             Slain by a tentacled starspawn (12 damage)
             ... on level 3 of the Abyss.
             The game lasted 00:12:54 (7496 turns).

Borgoz the Basher (Gargoyle Monk)                   Turns: 7496, Time: 00:12:55

Health: -4/57      AC: 18    Str: 19    XL:     9   Next: 53%
Magic:  9/9        EV: 13    Int: 14    God:    Makhleb [**....]
Gold:   402        SH:  0    Dex: 12    Spells: 8/8 levels left

rFire    + . .     SeeInvis .   q - +11 whip of the Hall of Blades {freeze, *Drain rElec rC+ Int+4}
rCold    + . .     Gourm    .   (no shield)
rNeg     + . .     Faith    .   y - +2 ring mail {rF+}
rPois    ∞         Spirit   .   o - +0 helmet
rElec    +         Reflect  .   s - scarf {repulsion}
rCorr    .         Harm     .   t - +0 pair of gloves (curse)
MR       .....                  w - +0 pair of boots (curse)
Stlth    +.........             (no amulet)
HPRegen  0.19/turn              (no ring)
MPRegen  0.11/turn              (no ring)

@: repel missiles
A: negative energy resistance 1, electricity resistance, unbreathing,
petrification resistance, rot immunity, AC +6
a: Minor Destruction, Renounce Religion


You were on level 3 of the Abyss.
You worshipped Makhleb.
Makhleb was pleased with you.
You were not hungry.

You visited 1 branch of the dungeon, and saw 7 of its levels.
You visited the Abyss 1 time.

You collected 402 gold pieces.

Inventory:

Hand Weapons
 h - a +2 mace of holy wrath
 q - the +11 whip of the Hall of Blades (weapon) {freeze, *Drain rElec rC+ Int+4}
   (You found it on level 4 of the Dungeon)

   It has been specially enchanted to freeze those struck by it, causing extra
   injury to most foes and up to half again as much damage against particularly
   susceptible opponents.
   It can also slow down cold-blooded creatures.
   It affects your intelligence (+4).
   It protects you from cold.
   It insulates you from electricity.
   It causes draining when unequipped.
Armour
 o - a +0 helmet (worn)
 s - a scarf of repulsion (worn)
 t - a cursed +0 pair of gloves (worn)
 w - a cursed +0 pair of boots (worn)
 y - a +2 ring mail of fire resistance (worn)
Jewellery
 d - an uncursed ring of ice
Wands
 b - a wand of paralysis (8)
 A - a wand of iceblast (4)
 B - a wand of flame (28)
Scrolls
 a - a scroll of fog
 e - a scroll of enchant weapon
 g - 2 scrolls of amnesia
 i - 6 scrolls of remove curse
 j - a scroll of magic mapping {unknown}
 k - 2 scrolls of blinking
 n - a scroll of immolation {unknown}
 p - a scroll of random uselessness {unknown}
 z - a scroll of teleportation {unknown}
Potions
 m - 2 potions of haste
 r - a potion of invisibility
 u - 2 potions of flight
 v - a potion of cancellation
 x - 2 potions of curing {unknown}
Comestibles
 c - 14 rations


   Skills:
 + Level 7.0 Fighting
 * Level 8.6 Maces & Flails
 + Level 5.9 Armour
 + Level 5.3 Dodging
 - Level 2.1 Stealth


You had 8 spell levels left.
You didn't know any spells.
Your spell library contained the following spells:

 Spells                   Type           Power        Failure   Level  Hunger
 Confusing Touch          Hex            #.....       43%         1    ##.....
 Corona                   Hex            #......      43%         1    ##.....
 Magic Dart               Conj           #...         43%         1    ##.....
 Blink                    Tloc           N/A          56%         2    ###....
 Call Imp                 Summ           #.......     56%         2    ###....
 Ensorcelled Hibernation  Hex/Ice        #.....       56%         2    ###....
 Slow                     Hex            #.......     56%         2    ###....
 Confuse                  Hex            #.......     80%         3    ####...
 Conjure Flame            Conj/Fire      #.......     80%         3    ####...
 Dazzling Flash           Conj/Hex       #.....       80%         3    ####...
 Gell's Gravitas          Tloc           #.........   80%         3    ####...
 Mephitic Cloud           Conj/Pois/Air  #.......     80%         3    ####...
 Tukima's Dance           Hex            #.......     80%         3    ####...
 Petrify                  Tmut/Erth      #.......     99%         4    #####..
 Metabolic Englaciation   Hex/Ice        #.........   100%        5    ######.
 Yara's Violent Unravell  Hex/Tmut       #.........   100%        5    ######.


Dungeon Overview and Level Annotations

Branches:
Dungeon (7/15)             Temple (0/1) D:5

Altars:
Elyvilon
Gozag
Kikubaaqudgha
Makhleb
Nemelex Xobeh
Okawaru
Trog
Uskayaw
Vehumet

Annotations:
D:4 3 runed translucent doors, TheNamelessOne's ghost, amateur OpAE
D:7 Harold


Innate Abilities, Weirdness & Mutations

You are resistant to torment.
Your stone body is resilient. (AC +6)
You are immune to poison.
You resist negative energy. (rN+)
You are resistant to electric shocks. (rElec)
You can survive without breathing.
You are immune to petrification.
You are immune to rotting.


Message History

The tentacled starspawn is moderately damaged.
The tentacled starspawn completely misses you.
The tentacled starspawn engulfs you!
* * * LOW HITPOINT WARNING * * *
You whack the tentacled starspawn! You freeze the tentacled starspawn.
The tentacled starspawn is moderately damaged.
You whack the tentacled starspawn! You freeze the tentacled starspawn.
The tentacled starspawn is heavily damaged.
You hit the tentacled starspawn. You freeze the tentacled starspawn.
The tentacled starspawn is heavily damaged.
You hit the tentacled starspawn. You freeze the tentacled starspawn.
The tentacled starspawn is severely damaged.
You hit the tentacled starspawn. You freeze the tentacled starspawn.
The tentacled starspawn is severely damaged.
The tentacled starspawn barely misses you.
The tentacled starspawn engulfs you but does no damage.
You whack the tentacled starspawn! You freeze the tentacled starspawn.
The tentacled starspawn is almost destroyed.
The tentacled starspawn bites you!
You die...

#..##..
## .#.
#.
#.#...
..# ..
.# #...#
..# #
.....##
...#
#.#.##.#
###..#
.##.
..##...
# ##.#
##


#wXw# .# # #.#X## .# # # .###@# ## .. . ##.# ... ## ## . . You could see 2
tentacled starspawn and 2 starspawn tentacles.

Vanquished Creatures
  2 steam dragons (D:5)
  An orc warrior (D:7)
  An ice beast (D:5)
  A necrophage (D:6)
  4 ogres
  A centaur (D:7)
  A gnoll sergeant (D:6)
  4 bullfrogs
  A water moccasin zombie (D:5)
  2 scorpions
  3 howler monkeys
  A crimson imp (D:7)
  A bullfrog zombie (D:5)
  6 orc wizards
  Crazy Yiuf (D:6)
  A bullfrog skeleton (D:6)
  2 orc priests
  An iguana (D:6)
  Natasha (thrice) (D:2)
  5 worker ants
  9 adders
  16 gnolls
  An adder skeleton (D:4)
  2 worms
  5 dart slugs
  5 leopard geckos
  31 orcs
  A ball python (D:3)
  6 bats
  11 giant cockroaches
  13 goblins
  12 hobgoblins
  3 quokkas
  7 frilled lizards
  A jackal skeleton (D:5)
  7 kobolds
  2 leopard gecko skeletons (D:4)
  A leopard gecko zombie (D:6)
  A quokka zombie (D:5)
  12 rats
188 creatures vanquished.

Vanquished Creatures (others)
  A crimson imp (D:7)
  6 fungi
  4 starspawn tentacles (Abyss:3)
11 creatures vanquished.

Grand Total: 199 creatures vanquished

Notes
Turn   | Place    | Note
-------+----------+-------------------------------------------
     0 | D:1      | Borgoz the Gargoyle Monk began the quest for the Orb.
     0 | D:1      | Reached XP level 1. HP: 14/14 MP: 1/1
   380 | D:1      | Reached XP level 2. HP: 6/19 MP: 2/2
   673 | D:1      | Reached skill level 1 in Armour
   696 | D:1      | Reached XP level 3. HP: 17/23 MP: 3/3
  1666 | D:2      | Reached XP level 4. HP: 23/29 MP: 4/4
  1699 | D:2      | Reached skill level 4 in Maces & Flails
  2051 | D:2      | Noticed an ogre
  2161 | D:2      | Reached XP level 5. HP: 27/33 MP: 5/5
  2224 | D:2      | Noticed Natasha
  2234 | D:2      | Killed Natasha
  2356 | D:2      | Killed an ogre
  2356 | D:2      | Reached XP level 6. HP: 23/38 MP: 6/6
  2548 | D:2      | Found a bloodstained altar of Trog.
  2557 | D:2      | Noticed Natasha
  2577 | D:2      | Killed Natasha
  2865 | D:2      | Noticed Natasha
  2877 | D:2      | Killed Natasha
  3109 | D:3      | Found an iron altar of Okawaru.
  3165 | D:3      | Reached skill level 5 in Maces & Flails
  3439 | D:3      | Reached XP level 7. HP: 30/44 MP: 7/7
  4129 | D:3      | Found a radiant altar of Vehumet.
  4131 | D:3      | Found a hide-covered altar of Uskayaw.
  4131 | D:3      | Found a white marble altar of Elyvilon.
  4134 | D:3      | Found an ancient bone altar of Kikubaaqudgha.
  4444 | D:4      | Reached skill level 5 in Fighting
  4544 | D:4      | Found a runed translucent gate.
  4686 | D:4      | Got a jewelled whip
  4687 | D:4      | Identified the +11 whip of the Hall of Blades {freeze,
                  | *Drain rElec rC+ Int+4} (You found it on level 4 of the
                  | Dungeon)
  4939 | D:4      | Found a runed translucent gate.
  4939 | D:4      | Found an opulent altar of Gozag.
  4941 | D:4      | Found a runed translucent gate.
  4942 | D:4      | Noticed TheNamelessOne's ghost (amateur OpAE)
  5295 | D:5      | Entered Level 5 of the Dungeon
  5295 | D:5      | Found a staircase to the Ecumenical Temple.
  5305 | D:5      | Reached skill level 6 in Maces & Flails
  5318 | D:5      | Reached XP level 8. HP: 41/49 MP: 8/8
  5867 | D:5      | Reached skill level 7 in Maces & Flails
  6148 | D:6      | Found a burning altar of Makhleb.
  6175 | D:6      | Became a worshipper of Makhleb the Destroyer
  6175 | D:6      | Reached * piety under Makhleb
  6175 | D:6      | Reached ** piety under Makhleb
  6196 | D:6      | Reached skill level 5 in Armour
  6275 | D:6      | Found a sparkling altar of Nemelex Xobeh.
  6317 | D:6      | Reached XP level 9. HP: 51/56 MP: 9/9
  6386 | D:6      | Found a runed translucent door.
  6387 | D:6      | Noticed Crazy Yiuf
  6395 | D:6      | Killed Crazy Yiuf
  6715 | D:6      | Reached skill level 8 in Maces & Flails
  6715 | D:6      | Reached skill level 5 in Dodging
  7374 | D:7      | Noticed Harold
  7417 | D:7      | Cast into level 3 of the Abyss (Harold)
  7455 | Abyss:3  | Noticed a tentacled starspawn
  7465 | Abyss:3  | Noticed a meliai
  7466 | Abyss:3  | Noticed a tentacled starspawn
  7470 | Abyss:3  | Noticed a komodo dragon
  7470 | Abyss:3  | a meliai changed into a komodo dragon
  7496 | Abyss:3  | Slain by a tentacled starspawn

Levels and vault maps discovered:
D:1:      roderic_dead_forest, layout_basic, minmay_vboxes
D:2:      layout_rooms, trog_three_pillars_becter, uniq_natasha
D:3:      layout_basic, okawaru_ov_weapons_minmay, minitemple,
          kennysheep_generic_room_11
D:4:      layout_basic, ebering_ghost_gozag
D:5:      kennysheep_steamy, layout_rooms, minmay_temple_entry_offerings,
          first_ration, hangedman_decor_riveting
D:6:      layout_basic, basic_altar, minmay_misc_feat_diagonals,
          nemelex_diamond_rough_becter, uniq_crazy_yiuf_cottage
D:7:      lemuel_slime, layout_basic, nicolae_overflow_crystal_walls,
          grunt_ogre_cave, lemuel_flamethrower_1, uniq_pikel, uniq_menkaure,
          uniq_harold
Abyss:3:  base: D:2, evilmike_abyss_exit_vortex, abyss_exit_lava,
          hangedman_decor_riveting

Skill      XL: |  1  2  3  4  5  6  7  8  9 |
---------------+----------------------------+-----
Armour         | 1 2 3 4 5 |  5.9
Maces & Flails | 4 5 6 7 8 |  8.6
Dodging        | 3 4 5 |  5.3
Fighting       | 4 5 6 7 |  7.0
Stealth        | |  2.1

Action                   |  1- 3 |  4- 6 |  7- 9 || total
-------------------------+-------+-------+-------++-------
Melee: Mace              |   107 |    26 |       ||   133
       Flail             |       |   215 |   127 ||   342
       Whip              |       |       |   207 ||   207
Throw: Throwing net      |       |     1 |       ||     1
Evoke: Wand              |       |       |     3 ||     3
  Use: Potion            |       |     4 |     1 ||     5
       Scroll            |       |     1 |     7 ||     8
 Stab: Sleeping          |     4 |     1 |     1 ||     6
  Eat: Chunk             |     2 |     6 |    14 ||    22
Armor: Leather armour    |    47 |    58 |       ||   105
       Robe              |     3 |       |       ||     3
       Ring mail         |       |    31 |   140 ||   171
Dodge: Dodged            |    89 |   158 |   146 ||   393
       Deflected         |       |       |     7 ||     7

Table legend:
 A = Non-vault XP
 B = Vault XP
 C = Vault XP percentage of total XP
 D = Non-vault monster count
 E = Vault monster count
 F = Vault count percentage of total count
                 A         B        C        D         E       F
            +---------+---------+-------+---------+---------+-------
      Total |    3121 |     469 |  13.1 |     175 |      13 |   6.9
            +---------+---------+-------+---------+---------+-------
        D:1 |      57 |      14 |  19.7 |      19 |       7 |  26.9
        D:2 |     341 |      35 |   9.3 |      33 |       1 |   2.9
        D:3 |     306 |      15 |   4.7 |      48 |       2 |   4.0
        D:4 |     152 |       0 |   0.0 |      20 |       0 |   0.0
        D:5 |     803 |     364 |  31.2 |      16 |       2 |  11.1
        D:6 |     815 |      41 |   4.8 |      30 |       1 |   3.2
        D:7 |     647 |       0 |   0.0 |       9 |       0 |   0.0
            +---------+---------+-------+---------+---------+-------
